 Zot Defence DCSS version 0.15.2 (webtiles) character file.

401 Jannitor the Ruffian (level 6, 62/62 HPs)
             Began as a Troll Monk on July 5, 2017.
             Quit the game in the Realm of Zot (Scenario I: Hall of Zot).
             The game lasted 00:04:13 (362 turns).

Jannitor the Ruffian (Troll Monk)                    Turns: 362, Time: 00:04:13

HP  62/62        AC  5     Str 20      XL: 6   Next: 54%
MP   3/3         EV 11     Int  6      God:
Gold 0           SH  0     Dex 14      Spells:  0 memorised,  5 levels left

rFire  . . .     SeeInvis .       - Unarmed
rCold  . . .     Clarity  .     a - +0 robe
rNeg   . . .     rCorr    .     (shield restricted)
rPois  .         rRot     .     (helmet restricted)
rElec  .         Spirit   .     (no cloak)
SustAb .         Warding  .     (gloves unavailable)
rMut   .         Stasis   .     (boots unavailable)
Gourm  +                        (no amulet)
MR     .....                    (no ring)
                                (no ring)

@: not resistant to hostile enchantments, unstealthy
A: unfitting armour, claws 3, fast metabolism 3, gourmand, regeneration 2,
saprovore 2, shaggy fur 1, tough skin 2
a: Make oklob sapling, Make arrow trap, Make plant, Remove Curse, Make burning
bush, Make altar, Make grenades


You were in the Realm of Zot.
You were not hungry.

You visited 1 branch

Inventory:

Armour
 a - a +0 robe (worn)
Comestibles
 c - 2 meat rations
Scrolls
 h - a scroll of blinking
Potions
 b - 3 potions of curing
 e - a potion of haste
 f - 2 potions of magic


   Skills:
 + Level 3.7 Fighting
 + Level 3.6 Dodging
 - Level 1.1 Stealth
 * Level 6.2 Unarmed Combat


You had 5 spell levels left.
You didn't know any spells.

Dungeon Overview and Level Annotations

Branches:
    Zot (1/1)

Altars:
Beogh


Innate Abilities, Weirdness & Mutations

You are too large for most types of armour.
You have claws for hands.
Your metabolism is lightning-fast.
You like to eat raw meat.
You heal very quickly.
You can eat rotten meat.
You are covered in fur (AC +1).
You have very tough skin (AC +2).


Message History

Liefuarch is destroyed!
Unknown command.
Use which ability? (? or * to list) Which god (by name)? fedhas That god doesn't seem to be taking followers today.
The dungeon dims for a moment.
Use which ability? (? or * to list) Which god (by name)? fedhas madash That god doesn't seem to be taking followers today.
The dungeon dims for a moment.
Use which ability? (? or * to list) Which god (by name)?
Fedhas That god doesn't seem to be taking followers today.
The dungeon dims for a moment.
Use which ability? (? or * to list) Which god (by name)? beogh An altar to Beogh grows from the floor before you!
You kneel at the altar of Beogh.
Beogh does not accept worship from those such as you!
Are you sure you want to abandon this character and quit the game? (Confirm with "yes".)

######### ######### ....####
####.... .......### ###.......
.........## ##.........
..........# ▓▓▓▓▓▓▓▓▓ #..........
..........▓▓▓P..P...▓▓▓..........
..........▓▓...%.%...▓▓..........
.........%▓...........▓..........
...........%.(()@...%)(..........
..........▓.....%.....▓..........
..........▓▓.........▓▓..........
..........▓▓▓P..P...▓▓▓..........
..........▓ ▓▓▓▓▓▓▓▓▓ ▓..........
.........▓▓ ▓▓.........
.......▓▓▓ ▓▓▓....... ....▓▓▓▓
▓▓▓▓.... ▓▓▓▓▓▓▓▓ ▓▓▓▓▓▓▓▓


You could see 4 friendly oklob saplings.

Vanquished Creatures
  A deep elf mage (Zot)
  4 bats (Zot)
  A giant newt (Zot)
  A rat (Zot)
7 creatures vanquished.

Vanquished Creatures (collateral kills)
  3 giant cockroaches (Zot)
  6 bats (Zot)
  3 giant newts (Zot)
  3 goblins (Zot)
  5 kobolds (Zot)
  An orc skeleton (Zot)
  A rat (Zot)
22 creatures vanquished.

Vanquished Creatures (others)
  An oklob sapling (Zot)
1 creature vanquished.

Grand Total: 30 creatures vanquished

Notes
Turn   | Place    | Note
--------------------------------------------------------------
     0 | Zot      | Jannitor, the Troll Monk, began the quest for the Orb.
     0 | Zot      | Reached XP level 1. HP: 22/22 MP: 1/1
   186 | Zot      | Reached XP level 2. HP: 29/29 MP: 1/1
   242 | Zot      | Noticed Smicu
   253 | Zot      | Killed Smicu the deep elf mage
   253 | Zot      | Reached skill level 6 in Unarmed Combat
   253 | Zot      | Reached XP level 3. HP: 18/39 MP: 2/2
   253 | Zot      | Reached XP level 4. HP: 22/48 MP: 2/2
   253 | Zot      | Reached XP level 5. HP: 24/54 MP: 2/2
   253 | Zot      | Reached XP level 6. HP: 27/62 MP: 3/3
   362 | Zot      | Quit the game

Action                   |  1- 3 |  4- 6 || total
-------------------------+-------+-------++-------
Melee: Unarmed           |    20 |     1 ||    21
 Abil: Make oklob saplin |     1 |     4 ||     5
       Make altar        |       |     1 ||     1
  Use: Potion            |     2 |       ||     2
  Eat: Chunk             |     2 |     3 ||     5
